 Dungeon Crawl Stone Soup version 0.29.1-15-g9cfb28693d (webtiles) character file.

Game seed: 15144369386440679307

259 MisterFreud the Twirler (level 6, -6/47 HPs)
             Began as a Formicid Gladiator on Apr 10, 2023.
             Killed by divine providence
             ... invoked by an orc priest
              (15 damage)
             ... on level 3 of the Dungeon.
             The game lasted 00:02:40 (2391 turns).

MisterFreud the Twirler (Formicid Gladiator)        Turns: 2391, Time: 00:02:40

Health: -6/47      AC:  8    Str: 20    XL:     6   Next: 40%
Magic:  6/6        EV:  8    Int:  8    God:
Gold:   64         SH:  0    Dex: 15    Spells: 5/5 levels left

rFire   . . .      SeeInvis +   a - +0 quarterstaff
rCold   . . .      Faith    .   (no shield)
rNeg    . . .      Spirit   .   k - +0 chain mail
rPois   .          Reflect  .   (helmet unavailable)
rElec   .          Harm     .   (no cloak)
rCorr   .          Rampage  .   (no gloves)
Will    .....                   (no boots)
Stlth   ..........              (no amulet)
HPRegen 0.15/turn               (no ring)
MPRegen 0.10/turn               (no ring)

@: no status effects
A: permanent stasis, dig shafts and tunnels, antennae 3, four strong arms
a: Dig, Shaft Self


You were on level 3 of the Dungeon.
You visited 1 branch of the dungeon, and saw 3 of its levels.

You collected 64 gold pieces.

Inventory:

Hand Weapons
 a - a +0 quarterstaff (weapon)
Missiles
 c - 3 throwing nets (quivered)
 d - a javelin
Armour
 b - a +0 leather armour
 k - a +0 chain mail (worn)
Scrolls
 e - a scroll of identify
 g - a scroll of enchant weapon {unknown}
Potions
 f - 2 potions of curing
 h - a potion of brilliance {unknown}
 i - a potion of lignification {unknown}
 j - a potion of flight {unknown}


   Skills:
 + Level 3.1 Fighting
 - Level 6.0 Staves
 - Level 2.0 Throwing
 + Level 2.0 Armour
 - Level 2.6 Dodging


You had 5 spell levels left.
You didn't know any spells.
Your spell library contained the following spells:

 Spells                   Type           Power      Damage    Failure   Level
 Cause Fear               Hex            0%         N/A       100%        4
 Dragon Form              Tmut           0%         N/A       100%        7
 Dragon's Call            Summ           0%         N/A       100%        9


Dungeon Overview and Level Annotations

Branches:
Dungeon (3/15)

Altars:


Innate Abilities, Weirdness & Mutations

You cannot be hasted, slowed, berserked, paralysed or teleported.
You can dig through walls and to a lower floor.
You have a pair of large antennae on your head. (SInv)
Your four strong arms can wield two-handed weapons with a shield.


Message History

The orc shouts!
The orc barely misses you.
You hit the orc.
The orc is lightly wounded.
The orc hits you but does no damage.
You hit the orc but do no damage.
The orc is lightly wounded.
The orc hits you but does no damage. The orc hits you with a +0 club.
You hit the orc.
The orc is severely wounded.
The orc hits you but does no damage.
A worm comes into view.
You hit the orc but do no damage.
The orc is severely wounded.
The orc priest invokes the aid of Beogh against you.
Beogh smites you! The orc hits you but does no damage. x2
The orc barely misses you.
You hit the orc.
You kill the orc!
The orc hits you with a +0 whip. The orc barely misses you.
You barely miss the orc. The orc hits you with a +0 whip.
The orc barely misses you.
You sock the orc priest!
The orc priest is heavily wounded.
The orc hits you with a +0 whip. The orc hits you with a +0 morningstar!
The orc hits you with a +0 club.
* * * LOW HITPOINT WARNING * * *
The orc priest hits you with a +0 mace.
* * * LOW HITPOINT WARNING * * *
Unknown command.
Unknown command.
Okay, then.
Unknown command.
Are you sure you want to shaft yourself? [Y]es or [N]o only, please.
Are you sure you want to shaft yourself?
The orc barely misses you. The orc hits you but does no damage.
The orc priest mumbles some strange prayers to Beogh against you.
Beogh smites you!
You die...

.....#.............###..
.....##......#..........
.....##.................
.....##.........#....w..
........................
........................
........................
...........#....oo......
...........#....@o......
##.........###..o#.#...#
##.........# #...#.# ..#
##.........# #...# # #
##>........# #####
##.....##### #######


You could see a worm, an orc priest and 3 orcs.

Vanquished Creatures
  Sigmund (D:2)
  Jessica (D:3)
  4 adders (D:2)
  A worm (D:3)
  An orc (D:3)
  2 endoplasms (D:1)
  3 giant cockroaches (D:2)
  2 goblins (D:1)
  5 hobgoblins
  2 kobolds (D:2)
  2 quokkas (D:2)
  4 ball pythons
  4 bats (D:1)
  A frilled lizard (D:2)
  5 rats
38 creatures vanquished.

Notes
Turn   | Place    | Note
-------+----------+-------------------------------------------
     0 | D:1      | MisterFreud the Formicid Gladiator began the quest for the
                  | Orb.
     0 | D:1      | Reached XP level 1. HP: 16/16 MP: 1/1
    62 | D:1      | Found a faded altar of an unknown god.
   327 | D:1      | Reached XP level 2. HP: 22/22 MP: 2/2
  1002 | D:2      | Noticed Jessica
  1006 | D:2      | Reached skill level 4 in Staves
  1006 | D:2      | Reached XP level 3. HP: 27/27 MP: 3/3
  1017 | D:3      | Killed Jessica
  1242 | D:2      | Reached XP level 4. HP: 24/33 MP: 4/4
  1627 | D:2      | Reached skill level 5 in Staves
  1910 | D:2      | Noticed Sigmund
  1984 | D:2      | Killed Sigmund
  1985 | D:2      | Reached skill level 6 in Staves
  1985 | D:2      | Reached skill level 1 in Armour
  1985 | D:2      | Reached XP level 5. HP: 28/41 MP: 5/5
  1985 | D:2      | Reached XP level 6. HP: 33/47 MP: 6/6
  2391 | D:3      | Killed from afar by an orc priest

Illustrated notes

Levels and vault maps discovered:
D:1:      minmay_arrival_doors, layout_basic, shapermc_ecumenical_altar_venn,
          bh_walls_and_bars
D:2:      layout_rooms, uniq_jessica, uniq_sigmund
D:3:      layout_basic, yredelemnul_altar_generic, uniq_natasha, uniq_grinder,
          uniq_terence, uniq_robin

Skill      XL: |  1  2  3  4  5  6 |
---------------+-------------------+-----
Staves         | 4 6 |  6.0
Fighting       | 3 |  3.1
Armour         | 1 2 |  2.0
Throwing       | |  2.0
Dodging        | |  2.6

Action                   |  1- 3 |  4- 6 || total
-------------------------+-------+-------++-------
Melee: Quarterstaff      |    58 |    71 ||   129
       Punch             |       |     1 ||     1
 Abil: Shaft Self        |       |     1 ||     1
  Use: Scroll            |     3 |       ||     3
 Stab: Sleeping          |     2 |       ||     2
Armor: Leather armour    |    15 |    14 ||    29
       Chain mail        |       |     8 ||     8
Dodge: Dodged            |    32 |    44 ||    76
